PBL
PARIS CUBS @ WINDY CITY THUNDERBOLTS
08/09/2045
 
TOP OF THE 1ST
Paris Cubs batting - Pitching for Windy City ThunderBolts : RHP Xavier Mosley
Pitching: RHP Xavier Mosley
Batting: RHB Eric Wiss 0-0: Ball
1-0: Fly out, F2 (Popup, 23F, EV 90.0 MPH)
Batting: RHB Adrian Cox 0-0: Ball
1-0: Called Strike
1-1: Ground out 6-3 (Groundball, 6S, EV 93.1 MPH)
Batting: LHB Emir Jalil 0-0: Ball
1-0: Ground out U3 (Groundball, 34S, EV 80.6 MPH)
Top of the 1st over - 0 runs, 0 hits, 0 errors, 0 left on base; Paris 0 - Windy City 0
BOTTOM OF THE 1ST
Windy City ThunderBolts batting - Pitching for Paris Cubs : RHP Roberto Cruz
Pitching: RHP Roberto Cruz
Batting: LHB Eddie Reyes 0-0: Called Strike
0-1: Foul Ball, location: 2F
0-2: Foul Ball, location: 2F
0-2: Strikes out swinging
Batting: RHB Mike Zern 0-0: Ball
1-0: Called Strike
1-1: Ball
2-1: Foul Ball, location: 2F
2-2: Ball
3-2: Fly out, F7 (Flyball, 78M, EV 84.4 MPH)
Batting: SHB Ethan Villalobos 0-0: Ball
1-0: Ball
2-0: Ball
3-0: Called Strike
3-1: Called Strike
3-2: Base on Balls
Batting: RHB Tommy Ellington 0-0: Foul Ball, location: 2F
0-1: Foul Ball, location: 2F
0-2: Strikes out swinging
Bottom of the 1st over - 0 runs, 0 hits, 0 errors, 1 left on base; Paris 0 - Windy City 0
TOP OF THE 2ND
Paris Cubs batting - Pitching for Windy City ThunderBolts : RHP Xavier Mosley
Batting: RHB Tim Long 0-0: Ball
1-0: Ball
2-0: Fly out, F9 (Flyball, 9, EV 87.5 MPH)
Batting: RHB Josh Burns 0-0: Foul Ball, location: 2F
0-1: Called Strike
0-2: Ball
1-2: Foul Ball, location: 2F
1-2: Foul Ball, location: 2F
1-2: Ball
2-2: Ground out 5-3 (Groundball, 5S, EV 73.8 MPH)
Batting: RHB Josh Asch 0-0: Swinging Strike
0-1: Foul Ball, location: 2F
0-2: Foul Ball, location: 2F
0-2: Ball
1-2: Foul Ball, location: 2F
1-2: Ball
2-2: Ball
3-2: Fly out, F9 (Flyball, 9, EV 91.9 MPH)
Top of the 2nd over - 0 runs, 0 hits, 0 errors, 0 left on base; Paris 0 - Windy City 0
BOTTOM OF THE 2ND
Windy City ThunderBolts batting - Pitching for Paris Cubs : RHP Roberto Cruz
Batting: RHB John DeVillier 0-0: Ball
1-0: Ball
2-0: Ball
3-0: Base on Balls
Batting: SHB Jose Romo 0-0: Swinging Strike
0-1: Ball
1-1: Ball
2-1: Ball
3-1: Base on Balls
John DeVillier to second
Batting: RHB Daniel Underhay 0-0: Ball
1-0: Ball
2-0: Called Strike
2-1: Ball
3-1: Foul Ball, location: 2F
3-2: Fielders Choice at 2nd, 5-4 (Groundball, 56, EV 103.1 MPH)
John DeVillier to third
Batting: SHB Jay Gagnon 0-0: Foul Ball, location: 2F
0-1: Fielders Choice at 2nd, 4-6 (Groundball, 4M, EV 86.2 MPH)
John DeVillier scores
Batting: RHB Enrique Gomez 0-0: Called Strike
0-1: Ball
1-1: Ball
2-1: Swinging Strike
2-2: Strikes out swinging
Bottom of the 2nd over - 1 run, 0 hits, 0 errors, 1 left on base; Paris 0 - Windy City 1
TOP OF THE 3RD
Paris Cubs batting - Pitching for Windy City ThunderBolts : RHP Xavier Mosley
Batting: LHB Hiroki Yamamoto 0-0: Ball
1-0: Ground out 4-3 (Groundball, 4, EV 86.9 MPH)
Batting: RHB Gilberto Alvarado 0-0: TRIPLE (Line Drive, 89XD, EV 103.8 MPH)
Batting: RHB Hugo Torrez 0-0: Foul Ball, location: 2F
0-1: Foul Ball, location: 2F
0-2: Ground out 4-3 (Groundball, 34, EV 84.4 MPH)
Gilberto Alvarado scores
Batting: RHB Eric Wiss 0-0: Ball
1-0: DOUBLE (Flyball, 78XD, EV 97.5 MPH)
Batting: RHB Adrian Cox 0-0: Hit by Pitch
Batting: LHB Emir Jalil 0-0: Fly out, F9 (Flyball, 9, EV 77.5 MPH)
Top of the 3rd over - 1 run, 2 hits, 0 errors, 2 left on base; Paris 1 - Windy City 1
BOTTOM OF THE 3RD
Windy City ThunderBolts batting - Pitching for Paris Cubs : RHP Roberto Cruz
Batting: LHB Eddie Reyes 0-0: Ball
1-0: SINGLE (Line Drive, 8RS, EV 100.6 MPH)
Batting: RHB Mike Zern 0-0: Ball
1-0: Foul Ball, location: 2F
1-1: Ball
2-1: Fly out, F7 (Flyball, 7S, EV 72.5 MPH)
Batting: SHB Ethan Villalobos 0-0: Swinging Strike
0-1: Ball
1-1: Ball
2-1: Ball
Eddie Reyes steals 2nd base
3-1: SINGLE (Line Drive, 9S, EV 103.1 MPH)
Eddie Reyes to third
Runner from 3rd tries for Home, SAFE, throw by RF to home
Batting: RHB Tommy Ellington 0-0: Called Strike
0-1: Foul Ball, location: 2F
0-2: Fielders Choice at 2nd, 5-4 (Groundball, 56, EV 88.1 MPH)
Batting: RHB John DeVillier 0-0: Ball
1-0: Ball
2-0: Foul Ball, location: 2F
2-1: Fly out, F7 (Flyball, 78M, EV 77.5 MPH)
Bottom of the 3rd over - 1 run, 2 hits, 0 errors, 1 left on base; Paris 1 - Windy City 2
TOP OF THE 4TH
Paris Cubs batting - Pitching for Windy City ThunderBolts : RHP Xavier Mosley
Batting: RHB Tim Long 0-0: Fly out, F4 (Popup, 13, EV 73.1 MPH)
Batting: RHB Josh Burns 0-0: Ball
1-0: Fly out, F8 (Flyball, 8LS, EV 74.4 MPH)
Batting: RHB Josh Asch 0-0: Called Strike
0-1: Called Strike
0-2: Foul Ball, location: 2F
0-2: Ball
1-2: Ball
2-2: Ground out U3 (Groundball, 3, EV 100.6 MPH)
Top of the 4th over - 0 runs, 0 hits, 0 errors, 0 left on base; Paris 1 - Windy City 2
BOTTOM OF THE 4TH
Windy City ThunderBolts batting - Pitching for Paris Cubs : RHP Roberto Cruz
Batting: SHB Jose Romo 0-0: Called Strike
0-1: Ground out U3 (Groundball, 3, EV 87.5 MPH)
Batting: RHB Daniel Underhay 0-0: Called Strike
0-1: Ball
1-1: DOUBLE (Line Drive, 9LS, EV 101.9 MPH)
Batting: SHB Jay Gagnon 0-0: Ball
1-0: Ball
2-0: Swinging Strike
2-1: Ball
3-1: Base on Balls
Batting: RHB Enrique Gomez 0-0: Called Strike
0-1: Ball
Wild Pitch!
Daniel Underhay to third
Jay Gagnon to second
1-1: Called Strike
1-2: Ground out 3-1 (Groundball, 34, EV 107.5 MPH)
Batting: LHB Eddie Reyes 0-0: Ball
1-0: Ball
2-0: Foul Ball, location: 2F
2-1: Foul Ball, location: 2F
2-2: Ground out U3 (Groundball, 3, EV 104.4 MPH)
Bottom of the 4th over - 0 runs, 1 hit, 0 errors, 2 left on base; Paris 1 - Windy City 2
TOP OF THE 5TH
Paris Cubs batting - Pitching for Windy City ThunderBolts : RHP Xavier Mosley
Batting: LHB Hiroki Yamamoto 0-0: Called Strike
0-1: Swinging Strike
0-2: Foul Ball, location: 2F
0-2: Strikes out swinging
Batting: RHB Gilberto Alvarado 0-0: Reached via error on a dropped throw from P, E3 (Groundball, 34S, EV 75.0 MPH)
Batting: RHB Hugo Torrez 0-0: Called Strike
Gilberto Alvarado is caught stealing 2nd base 2-4
0-1: Ball
1-1: Foul Ball, location: 2F
1-2: Ball
2-2: Ball
3-2: Ground out 6-3 (Groundball, 6D, EV 81.9 MPH)
Top of the 5th over - 0 runs, 0 hits, 1 error, 0 left on base; Paris 1 - Windy City 2
BOTTOM OF THE 5TH
Windy City ThunderBolts batting - Pitching for Paris Cubs : RHP Roberto Cruz
Pitching: RHP Jose Mata
Batting: RHB Mike Zern 0-0: Foul Ball, location: 2F
0-1: Swinging Strike
0-2: Ball
1-2: Ball
2-2: Strikes out looking
Batting: SHB Ethan Villalobos 0-0: Called Strike
0-1: Ball
1-1: Swinging Strike
1-2: Foul Ball, location: 2F
1-2: Fly out, F7 (Flyball, 7, EV 93.1 MPH)
Batting: RHB Tommy Ellington 0-0: Foul Ball, location: 2F
0-1: Ball
1-1: Foul Ball, location: 2F
1-2: Foul Ball, location: 2F
1-2: Foul Ball, location: 2F
1-2: Ball
2-2: SINGLE (Line Drive, 9S, EV 106.9 MPH)
Batting: RHB John DeVillier 0-0: SINGLE (Flyball, 9LS, EV 90.6 MPH)
Tommy Ellington to second
Runner from 2nd tries for 3rd, SAFE, throw by RF made to third
Pitching: RHP Velimir Sljivancanin
Batting: SHB Jose Romo 0-0: SINGLE (Line Drive, 8RS, EV 85.6 MPH)
Tommy Ellington scores
John DeVillier to second
Runner from 2nd tries for 3rd, SAFE, throw by CF made to third
Batting: RHB Daniel Underhay 0-0: Ball
1-0: Swinging Strike
1-1: Swinging Strike
1-2: Ball
2-2: SINGLE (Groundball, 34, EV 103.8 MPH)
John DeVillier scores
Jose Romo to second
Runner from 2nd tries for 3rd, SAFE, throw by RF made to third
Batting: SHB Jay Gagnon 0-0: Foul Ball, location: 2F
0-1: Foul Ball, location: 2F
0-2: Ball
1-2: Ball
2-2: Strikes out swinging
Bottom of the 5th over - 2 runs, 4 hits, 0 errors, 2 left on base; Paris 1 - Windy City 4
TOP OF THE 6TH
Paris Cubs batting - Pitching for Windy City ThunderBolts : RHP Xavier Mosley
Batting: RHB Eric Wiss 0-0: Swinging Strike
0-1: Ball
1-1: Ball
2-1: Ball
3-1: Called Strike
3-2: TRIPLE (Groundball, 5L, EV 107.5 MPH)
Batting: RHB Adrian Cox 0-0: Called Strike
0-1: Ball
1-1: Foul Ball, location: 2F
1-2: Fly out, F8 (Flyball, 8RM, EV 78.8 MPH)
Runner from 3rd tags up, SCORES, throw by CF
Batting: LHB Emir Jalil 0-0: Ball
1-0: Called Strike
1-1: Called Strike
1-2: Strikes out swinging
Batting: RHB Tim Long 0-0: Fly out, F8 (Flyball, 78D, EV 78.8 MPH)
Top of the 6th over - 1 run, 1 hit, 0 errors, 0 left on base; Paris 2 - Windy City 4
BOTTOM OF THE 6TH
Windy City ThunderBolts batting - Pitching for Paris Cubs : RHP Velimir Sljivancanin
Batting: RHB Enrique Gomez 0-0: Called Strike
0-1: Swinging Strike
0-2: Ball
1-2: Strikes out looking
Batting: LHB Eddie Reyes 0-0: Ball
1-0: Ball
2-0: Called Strike
2-1: Ball
3-1: Foul Ball, location: 2F
3-2: Base on Balls
Pitching: LHP Alex Gandarilla
Batting: RHB Mike Zern 0-0: Called Strike
0-1: Ball
Eddie Reyes steals 2nd base
1-1: Called Strike
1-2: Ball
2-2: Strikes out looking
Batting: SHB Ethan Villalobos 0-0: Called Strike
0-1: Ball
1-1: Ball
2-1: Ball
3-1: Base on Balls
Batting: RHB Tommy Ellington 0-0: Ball
1-0: Ball
2-0: Called Strike
2-1: Foul Ball, location: 2F
2-2: Ball
3-2: Base on Balls
Eddie Reyes to third
Ethan Villalobos to second
Batting: RHB John DeVillier 0-0: Ball
1-0: Ball
2-0: Called Strike
2-1: DOUBLE (Line Drive, 3D, EV 99.4 MPH)
Eddie Reyes scores
Ethan Villalobos scores
Tommy Ellington to third
Pitching: RHP Angel Pesina
Batting: SHB Jose Romo 0-0: Ball
1-0: Ball
2-0: Ball
3-0: Called Strike
3-1: Base on Balls
Batting: RHB Daniel Underhay 0-0: Ball
1-0: Foul Ball, location: 2F
1-1: Ball
2-1: Called Strike
2-2: Fly out, F5 (Line Drive, 5, EV 66.9 MPH)
Bottom of the 6th over - 2 runs, 1 hit, 0 errors, 3 left on base; Paris 2 - Windy City 6
TOP OF THE 7TH
Paris Cubs batting - Pitching for Windy City ThunderBolts : RHP Xavier Mosley
Batting: RHB Josh Burns 0-0: Ball
1-0: Ball
2-0: Called Strike
2-1: Ball
3-1: Base on Balls
Batting: RHB Josh Asch 0-0: Fielders Choice at 2nd, 5-4 (Groundball, 56, EV 80.6 MPH)
Batting: LHB Hiroki Yamamoto 0-0: Swinging Strike
0-1: SINGLE (Line Drive, 89S, EV 106.2 MPH)
Josh Asch to second
Batting: RHB Gilberto Alvarado 0-0: Called Strike
0-1: Grounds into double play, 3-6-3 (Groundball, 34, EV 86.2 MPH)
Top of the 7th over - 0 runs, 1 hit, 0 errors, 1 left on base; Paris 2 - Windy City 6
BOTTOM OF THE 7TH
Windy City ThunderBolts batting - Pitching for Paris Cubs : RHP Angel Pesina
Batting: SHB Jay Gagnon 0-0: Ball
1-0: Foul Ball, location: 2F
1-1: Foul Ball, location: 2F
1-2: Fly out, F8 (Flyball, 89S, EV 96.9 MPH)
Batting: RHB Enrique Gomez 0-0: Ball
1-0: SINGLE (Groundball, 6MD, EV 99.4 MPH) (infield hit)
Batting: LHB Eddie Reyes 0-0: Ball
1-0: Called Strike
1-1: Ball
2-1: Ball
3-1: Swinging Strike
3-2: Base on Balls
Enrique Gomez to second
Batting: RHB Mike Zern 0-0: Ball
1-0: Foul Ball, location: 2F
1-1: Fly out, F8 (Flyball, 8RXD, EV 102.5 MPH)
Runner from 2nd tags up, SAFE at 3rd, no throw by CF
Batting: SHB Ethan Villalobos 0-0: Foul Ball, location: 2F
0-1: Ball
1-1: Ball
2-1: Ball
3-1: Base on Balls
Eddie Reyes to second
Batting: RHB Tommy Ellington 0-0: Ball
1-0: Foul Ball, location: 2F
1-1: Foul Ball, location: 2F
1-2: GRAND SLAM HOME RUN (Flyball, 7D, EV 95.6 MPH), Distance : 379 ft
Batting: RHB John DeVillier 0-0: Ball
1-0: Called Strike
1-1: Ball
2-1: Foul Ball, location: 2F
2-2: Foul Ball, location: 2F
2-2: Ball
3-2: Foul Ball, location: 2F
3-2: Foul Ball, location: 2F
3-2: SINGLE (Flyball, 4MD, EV 87.5 MPH)
Batting: SHB Jose Romo 0-0: Ball
1-0: Called Strike
1-1: Ball
2-1: Foul Ball, location: 2F
2-2: Ball
3-2: Foul Ball, location: 2F
3-2: Foul Ball, location: 2F
3-2: SINGLE (Groundball, 6S, EV 62.5 MPH) (infield hit)
John DeVillier to second
Batting: RHB Daniel Underhay 0-0: Ball
1-0: Ground out U3 (Groundball, 3L, EV 93.1 MPH)
Bottom of the 7th over - 4 runs, 4 hits, 0 errors, 2 left on base; Paris 2 - Windy City 10
TOP OF THE 8TH
Paris Cubs batting - Pitching for Windy City ThunderBolts : RHP Xavier Mosley
Batting: RHB Hugo Torrez 0-0: Ball
1-0: Called Strike
1-1: Called Strike
1-2: Ball
2-2: Foul Ball, location: 2F
2-2: Ball
3-2: Ground out 4-3 (Groundball, 34D, EV 98.1 MPH)
Pinch Hitting: RHB Andy Baumhardt 0-0: Ball
1-0: SINGLE (Groundball, 34D, EV 105.0 MPH)
Batting: RHB Adrian Cox 0-0: Ball
1-0: Swinging Strike
1-1: Fielders Choice at 2nd, 6-4 (Groundball, 6, EV 83.8 MPH)
Batting: LHB Emir Jalil 0-0: Called Strike
0-1: SINGLE (Groundball, 34D, EV 105.0 MPH)
Adrian Cox to second
Batting: RHB Tim Long 0-0: Foul Ball, location: 2F
0-1: Called Strike
0-2: Fly out, F9 (Flyball, 9, EV 91.9 MPH)
Top of the 8th over - 0 runs, 2 hits, 0 errors, 2 left on base; Paris 2 - Windy City 10
BOTTOM OF THE 8TH
Windy City ThunderBolts batting - Pitching for Paris Cubs : RHP Angel Pesina
Now in CF: Andy Baumhardt
Batting: SHB Jay Gagnon 0-0: Ball
1-0: Called Strike
1-1: Ball
2-1: Called Strike
2-2: SINGLE (Groundball, 4MD, EV 96.2 MPH)
Batting: RHB Enrique Gomez 0-0: Called Strike
0-1: SINGLE (Groundball, 56D, EV 96.9 MPH)
Jay Gagnon to second
Batting: LHB Eddie Reyes 0-0: Ball
1-0: Fielders Choice at 2nd, 6-4 (Groundball, 56, EV 84.4 MPH)
Jay Gagnon to third
Pitching: RHP Juan Bonilla
Batting: RHB Mike Zern 0-0: Called Strike
0-1: Ball
1-1: Ball
2-1: Ball
3-1: Base on Balls
Eddie Reyes to second
Batting: SHB Ethan Villalobos 0-0: Called Strike
0-1: Foul Ball, location: 2F
0-2: Fielders Choice at 2nd, 4-6 (Groundball, 4, EV 86.2 MPH)
Jay Gagnon scores
Eddie Reyes to third
Batting: RHB Tommy Ellington 0-0: Called Strike
0-1: Swinging Strike
0-2: Ball
1-2: Fielders Choice at 2nd, 5-4 (Groundball, 5L, EV 90.6 MPH)
Bottom of the 8th over - 1 run, 2 hits, 0 errors, 2 left on base; Paris 2 - Windy City 11
TOP OF THE 9TH
Paris Cubs batting - Pitching for Windy City ThunderBolts : RHP Xavier Mosley
Batting: RHB Josh Burns 0-0: Foul Ball, location: 2F
0-1: Foul Ball, location: 2F
0-2: Foul Ball, location: 2F
0-2: Foul Ball, location: 2F
0-2: Ball
1-2: Ground out 4-3 (Groundball, 4, EV 93.1 MPH)
Pitching: RHP Toyotoshi Matsui
Pinch Hitting: RHB Dustin Goldsborough 0-0: Ball
1-0: Ball
2-0: Fly out, F6 (Popup, 6MS, EV 65.0 MPH)
Batting: LHB Hiroki Yamamoto 0-0: Ball
1-0: Foul Ball, location: 2F
1-1: Ball
2-1: SINGLE (Groundball, 34D, EV 95.0 MPH)
Batting: RHB Gilberto Alvarado 0-0: Called Strike
0-1: Fly out, F8 (Flyball, 8RM, EV 90.6 MPH)
Top of the 9th over - 0 runs, 1 hit, 0 errors, 1 left on base; Paris 2 - Windy City 11
Wednesday, June 22nd , 2022 - OOTP Baseball 23.4 Build 64